AoeStats
← Stief_Gaming

Arena

509407108Analyzed
1v1 RM · 5d ago on Sep 26, 2026· 41m 1s· 2 players
Game mode
Random Map
Map size
Tiny (2 player)
Population
200
Speed
Normal
Resources
Standard
Victory
Conquest
Starting age
Dark Age
Ending age
Imperial Age
RankedLock teamsTeams togetherTeam positionsShared explorationLock speedFull tech treeHidden civsTurbo modeCheats
Victory
Defeat
🇦🇷 Georgians · Argentina
865
+37
🇩🇪 Franks · Germany
865
-37
Stief_Gaming
11:57 Loom
13:58 Feudal Age
14:58 Double-Bit Axe
16:24 Wheelbarrow
20:06 Castle Age
20:17 Forging
20:15 Scale Barding Armor
21:31 Husbandry
25:50 Light Cavalry
31:33 Gold Mining
31:41 Stone Mining
33:14 Chain Barding Armor
36:15 Iron Casting
40:59 Gold Shaft Mining
Lukitasmdp150
8:14 Loom
10:19 Feudal Age
11:46 Double-Bit Axe
19:31 Castle Age
18:23 Bloodlines
19:01 Gold Mining
20:43 Wheelbarrow
23:50 Husbandry
24:14 Horse Collar
26:23 Forging
29:18 Iron Casting
28:49 Scale Barding Armor
31:32 Chain Barding Armor
31:17 Fletching
31:59 Fervor
36:01 Imperial Age
37:18 Heavy Plow
37:34 Bow Saw
37:47 Hand Cart
38:09 Town Watch
38:59 Conscription
39:46 Chemistry
41:15 Blast Furnace
40:51 Plate Barding Armor
41:14 Redemption
Connection lost

Rejoining the realm…

Still unreachable

The connection could not be restored.

Session expired

The server has moved on; the page needs a fresh start.